 Dungeon Crawl Stone Soup version 0.29.0-15-g675c0067aa (webtiles) character file.

Game seed: 3446200123803422455

7 qw the Sneak (level 2, 0/19 HPs)
             Began as a Gargoyle Delver on Sept 11, 2022.
             Slain by an orc
             ... wielding a +0 hand axe
              (6 damage)
             ... on level 4 of the Dungeon.
             The game lasted 00:00:06 (316 turns).

qw the Sneak (Gargoyle Delver)                       Turns: 316, Time: 00:00:06

Health: 0/19       AC:  5    Str: 15    XL:     2   Next: 4%
Magic:  2/2        EV: 11    Int: 10    God:
Gold:   8          SH:  0    Dex: 11    Spells: 1/1 levels left

rFire   . . .      SeeInvis .   a - +0 hand axe
rCold   . . .      Faith    .   (no shield)
rNeg    + . .      Spirit   .   b - +0 leather armour
rPois   inf        Reflect  .   (no helmet)
rElec   +          Harm     .   (no cloak)
rCorr   .          Rampage  .   (no gloves)
Will    .....                   (no boots)
Stlth   +++.......              (no amulet)
HPRegen 0.06/turn               (no ring)
MPRegen 0.08/turn               (no ring)

@: no status effects
A: sickness immunity, AC +2, negative energy resistance 1, electricity
resistance, torment resistance 1, petrification resistance
a: no special abilities


You were on level 4 of the Dungeon.
You visited 1 branch of the dungeon, and saw 2 of its levels.

You collected 8 gold pieces.


Innate Abilities, Weirdness & Mutations

You are immune to sickness and miasma.
Your stone body is resilient. (AC +2)
You are immune to poison.
You resist negative energy. (rN+)
You are resistant to electric shocks. (rElec)
You are resistant to unholy torment.
You are immune to petrification.


   Skills:
 - Level 3.2 Fighting
 + Level 2.4 Axes
 - Level 1.5 Dodging
 - Level 5.4 Stealth


You had one spell level left.
You didn't know any spells.
Your spell library was empty.

Inventory:

Hand Weapons
 a - a +0 hand axe (weapon)
 c - a +0 club
Armour
 b - a +0 leather armour (worn)
Wands
 g - a wand of digging (3)
Potions
 f - a potion of haste

Dungeon Overview and Level Annotations

Branches:
Dungeon (5/15)
 Temple: D:4-7

Altars:


Message History

A hobgoblin and an orc come into view.
The hobgoblin shouts!
The orc shouts!
You see here 16 gold pieces.
305 ||| Stepping ~*~*~tactically~*~*~ (stealth).
The orc shouts!
You hear a shout!
An orc comes into view. It is wielding a +0 hand axe.
You see here 16 gold pieces.
307 ||| Stepping ~*~*~tactically~*~*~ (hiding).
You hit the orc but do no damage. The orc hits you with a +0 whip.
You hit the orc but do no damage. The orc closely misses you.
You hit the orc.
The orc is moderately wounded.
You hit the orc. The orc hits you but does no damage.
The orc completely misses you. x3
The orc closely misses you.
The orc priest shouts!
You hit the orc.
The orc is almost dead.
You closely miss the orc. The orc barely misses you. The orc misses you.
The orc hits you with a +0 whip.
You hit the orc.
You kill the orc!
You hit the orc but do no damage. The orc barely misses you.
The orc closely misses you.
You have reached level 2!
You hit the hobgoblin but do no damage. You hit the orc.
The orc hits you from afar with a +0 trident.
The hobgoblin completely misses you. The orc hits you with a +0 whip.
A worm comes into view.
You closely miss the orc.
The orc is moderately wounded.
You barely miss the hobgoblin. The orc misses you.
The hobgoblin barely misses you. The orc barely misses you.
You closely miss the orc.
The orc is moderately wounded.
You closely miss the orc. You hit the hobgoblin.
The orc hits you with a +0 hand axe.
You die...

#.....#
####.#........
+.....#
#..........
#.....#
##.........
#.....#
#.%.......
#.....#
##%.......
#.....#
##........
#.....#
#.........
#######.........
.......@........
######goo..[....
#o.........
o..o.........
oo.w...........
o......#######.
g#####.# ..# ##


You could see a worm, an orc priest, 3 orcs and a hobgoblin.

Vanquished Creatures
  An orc (D:4)
  2 goblins (D:4)
  A hobgoblin (D:4)
  A quokka (D:4)
5 creatures vanquished.

Notes
Turn   | Place    | Note
-------+----------+-------------------------------------------
     0 | D:5      | qw the Gargoyle Delver began the quest for the Orb.
     0 | D:5      | Reached XP level 1. HP: 14/14 MP: 1/1
     0 | D:5      | 0 ||| qw: Version: 0.1-a-117-gfe26ee0
     0 | D:5      | 0 ||| qw: Game counter: 10001
     0 | D:5      | 0 ||| qw: Always use a shield: true
     0 | D:5      | 0 ||| qw: God list: Okawaru
     0 | D:5      | 0 ||| qw: Allow faded altars: false
     0 | D:5      | 0 ||| qw: Do Orc after D:15 true
     0 | D:5      | 0 ||| qw: Do second Lair branch before Depths: true
     0 | D:5      | 0 ||| qw: Lair rune preference: random
     0 | D:5      | 0 ||| qw: Plans: Normal
     0 | D:5      | 0 ||| PLANNING D:1-11
     0 | D:5      | 0 ||| DROPPING scroll of fog.
     1 | D:5      | 1 ||| DROPPING scroll of magic mapping.
     2 | D:5      | 2 ||| DROPPING scroll of fear.
     9 | D:5      | 9 ||| FLEEEEING.
    10 | D:5      | 10 ||| STAIRDANCE
    92 | D:4      | 92 ||| Stepping ~*~*~tactically~*~*~ (stealth).
   302 | D:4      | Noticed an orc priest
   303 | D:4      | 303 ||| Stepping ~*~*~tactically~*~*~ (stealth).
   305 | D:4      | 305 ||| Stepping ~*~*~tactically~*~*~ (stealth).
   307 | D:4      | 307 ||| Stepping ~*~*~tactically~*~*~ (hiding).
   314 | D:4      | Reached XP level 2. HP: 11/19 MP: 2/2
   316 | D:4      | Slain by an orc

Levels and vault maps discovered:
D:4:      layout_basic, ebering_ghost_gozag
D:5:      layout_rooms, serial_shops, shop_statue, uniq_edmund

Skill      XL: |  1 |
---------------+----+-----
Axes           | 2 |  2.4
Fighting       | |  3.2
Dodging        | |  1.5
Stealth        | |  5.4

Action                   || total
-------------------------++-------
Melee: Hand axe          ||    25
Armor: Leather armour    ||     8
Dodge: Dodged            ||    23

Table legend:
 A = Non-vault XP
 B = Vault XP
 C = Vault XP percentage of total XP
 D = Non-vault monster count
 E = Vault monster count
 F = Vault count percentage of total count
                 A         B        C        D         E       F
            +---------+---------+-------+---------+---------+-------
      Total |      11 |       0 |   0.0 |       5 |       0 |   0.0
            +---------+---------+-------+---------+---------+-------
        D:4 |      11 |       0 |   0.0 |       5 |       0 |   0.0
            +---------+---------+-------+---------+---------+-------
